 Dungeon Crawl Stone Soup version 0.15-a0-717-ga3c592f (webtiles) character file.

21 4tharraofdagon the Ruffian (level 2, -4/25 HPs)
             Began as a Naga Transmuter on May 10, 2014.
             Slain by an adder (5 damage)
             ... on Level 2 of the Dungeon.
             The game lasted 00:02:32 (357 turns).

4tharraofdagon the Ruffian (Naga Transmuter)         Turns: 357, Time: 00:02:32

HP  -4/25        AC  1     Str 12      XL: 2   Next: 87%
MP   3/4         EV 10     Int 13      God:
Gold 58          SH  0     Dex 11      Spells:  1 memorised,  4 levels left

rFire  . . .     SeeInvis +       - Unarmed
rCold  . . .     Clarity  .     c - +0 robe
rNeg   . . .     Conserve .     (no shield)
rPois  +         rCorr    .     (helmet restricted)
rElec  .         rRot     .     (no cloak)
SustAb . .       Spirit   .     (no gloves)
rMut   .         Warding  .     (no barding)
Gourm  .         Stasis   .     (no amulet)
MR     .....                    (no ring)
                                (no ring)

@: appendage (expiring), short of breath, lethally poisoned, very slow, not
resistant to hostile enchantments, very unstealthy
A: spit poison, horns 2, see invisible, deformed body, poison resistance,
slowness 2
a: Spit Poison, End Transformation


You were on level 2 of the Dungeon.
You were not hungry.
You had grown temporary horns.
You visited 1 branch of the dungeon, and saw 3 of its levels.

You collected 58 gold pieces.

Inventory:

Missiles
 b - 12 arrows
Armour
 c - a +0 robe (worn)
Comestibles
 a - a bread ration
Scrolls
 e - a scroll of fog {unknown}
 g - a scroll of recharging {unknown}
 h - a scroll of amnesia {unknown}
 i - a scroll of remove curse {unknown}
 j - a scroll of magic mapping {unknown}
 k - a scroll of enchant weapon II {unknown}
 l - a scroll of identify {unknown}
Books
 d - a book of Changes

   Spells                             Type                      Level
   *Beastly Appendage                 Transmutation                1
   Sticks to Snakes                   Transmutation                2
   Spider Form                        Transmutation/Poison         3
   Ice Form                           Ice/Transmutation            4
   Blade Hands                        Transmutation                5


   Skills:
 + Level 1.3 Fighting
 + Level 1.8 Dodging
 * Level 3.5 Unarmed Combat
 - Level 2.0 Spellcasting
 + Level 2.2 Transmutations


You had 4 spell levels left.
You knew the following spells:

 Your Spells              Type           Power        Failure   Level  Hunger
a - Beastly Appendage     Trmt           #.....       12%         1    ##.....


Dungeon Overview and Level Annotations

Branches:
Dungeon (3/15)

Altars:


Innate Abilities, Weirdness & Mutations

You cannot wear boots.
You can spit poison.
You have supernaturally acute eyesight.
Armour fits poorly on your strangely shaped body.
Your system is resistant to poisons.
You cover ground very slowly.
You have a pair of horns on your head.


Message History

You are lethally poisoned!
The adder poisons you!
Drink which item? (? for menu, Esc to quit)
You have got your breath back.
It was a potion of restore abilities.
* * * LOW HITPOINT WARNING * * *
You feel sick. The adder closely misses you. The adder closely misses you.
Unknown command.
Use which ability? (? or * to list)
You fail to use your ability.
* * * LOW HITPOINT WARNING * * *
You feel sick. The adder barely misses you.
Unknown command.
Use which ability? (? or * to list)
Press: ? - help, Shift-Dir - straight line, f/p - adder
Aim: an adder (severely wounded)
The splash of poison hits the adder.
The adder is severely wounded.
You feel slightly more hungry. The adder bites you.
You die...

########### #####
#.........# ####.......
#.........#####.S........
#.........##...@##....!..
#.........'..#### .....
##.....(...#### ....
.#.........# ...
>'.........# .
##.........# ##'########
#...# ###.######


You could see an adder.

Vanquished Creatures
  An adder (D:2)
  An orc (D:3)
  3 goblins
  A hobgoblin (D:1)
  2 giant newts (D:2)
  2 kobolds (D:1)
  2 rats (D:1)
12 creatures vanquished.

Notes
Turn   | Place    | Note
--------------------------------------------------------------
     0 | D:1      | 4tharraofdagon, the Naga Transmuter, began the quest for the Orb.
     0 | D:1      | Reached XP level 1. HP: 18/18 MP: 3/3
   111 | D:1      | Reached XP level 2. HP: 23/25 MP: 4/4
   356 | D:2      | HP: 1/25 [poisoned by an adder]
   357 | D:2      | Slain by an adder

Action                   || total
-------------------------++-------
Melee: Unarmed           ||    21
 Cast: Beastly Appendage ||     2
 Abil: Spit Poison       ||    16
  Use: Potion            ||     1

Vault maps used:
D:1:      evilmike_arrival_run_for_it, st_stairs_7, minmay_misc_feat_hallway
